 Dungeon Crawl Stone Soup version 0.31-a0-263-ge8cad7f256 (webtiles) character file.

Game seed: 15948098731265541479

63 qw the Shooter (level 4, -1/27 HPs)
             Began as a Gargoyle Hexslinger on July 13, 2023.
             Slain by a gnoll
             ... wielding a +0 halberd
              (6 damage)
             ... on level 3 of the Dungeon.
             The game lasted 00:00:38 (1923 turns).

qw the Shooter (Gargoyle Hexslinger)                Turns: 1923, Time: 00:00:39

Health: -1/27      AC:  8    Str: 11    XL:     4   Next: 9%
Magic:  5/5        EV: 10    Int: 14    God:
Gold:   82         SH:  0    Dex: 14    Spells: 4/5 levels left

rFire   . . .        Y - +1 sling
rCold   . . .        (no shield)
rNeg    + . .        f - +0 ring mail
rPois   inf          (no helmet)
rElec   +            (no cloak)
rCorr   .            (no gloves)
SInv    .            (no boots)
Will    .....        (no amulet)
Stlth   +            (no ring)
HPRegen 0.24/turn    (no ring)
MPRegen 0.09/turn

%: no passive effects
@: no status effects
A: sickness immunity, AC +3, negative energy resistance 1, electricity
resistance, torment resistance 1, petrification resistance
a: no special abilities


You were on level 3 of the Dungeon.
You visited 1 branch of the dungeon, and saw 3 of its levels.

You collected 82 gold pieces.


Innate Abilities, Weirdness & Mutations

You are immune to sickness and miasma.
Your stone body is resilient. (AC +3)
You are immune to poison.
You resist negative energy. (rN+)
You are resistant to electric shocks. (rElec)
You are resistant to unholy torment.
You are immune to petrification.


   Skills:
 - Level 2.3 Fighting
 + Level 3.7 Ranged Weapons
 - Level 1.5 Dodging
 - Level 1.0 Spellcasting
 - Level 2.6 Hexes


You had 4 spell levels left.
You knew the following spells:

 Your Spells              Type           Power      Damage    Failure   Level
a - Slow                  Hex            32%        N/A       22%         1

Your spell library contained the following spells:

 Spells                   Type           Power      Damage    Failure   Level
 Inner Flame              Hex/Fire       4%         N/A       73%         3
 Portal Projectile        Hex/Tloc       8%         N/A       73%         3
 Cause Fear               Hex            4%         N/A       91%         4

Inventory:

Hand Weapons
 Y - a +1 sling (weapon)
Armour
 f - a +0 ring mail (worn)
Potions
 a - a potion of brilliance {unknown}
 e - a potion of heal wounds {unknown}

Dungeon Overview and Level Annotations

Branches:
Dungeon (3/15)

Altars:


Message History

You shoot a sling bullet.
The sling bullet closely misses the bat.
The sling bullet hits the giant cockroach.
The giant cockroach is moderately wounded.
You hear a shout!
The bat barely misses you. The bat hits you but does no damage.
The giant cockroach misses you.
You shoot a sling bullet.
The sling bullet hits the giant cockroach.
You kill the giant cockroach!
The bat hits you but does no damage. The gnoll barely misses you.
A gnoll comes into view. It is wielding a +0 club.
The bat hits you but does no damage.
You shoot a sling bullet. The sling bullet barely misses the bat.
The sling bullet hits the gnoll.
The gnoll is lightly wounded.
The bat barely misses you.
The gnoll hits you from afar with a +0 halberd.
The bat hits you but does no damage. The gnoll hits you with a +0 club.
The gnoll completely misses you.
You shoot a sling bullet.
The sling bullet barely misses the gnoll.
The bat closely misses you. The bat hits you but does no damage.
The gnoll barely misses you. The gnoll hits you with a +0 club.
You shoot a sling bullet.
The sling bullet hits the gnoll but does no damage.
The bat barely misses you. The bat closely misses you.
The gnoll hits you from afar with a +0 halberd.
The gnoll hits you but does no damage.
You shoot a sling bullet. The sling bullet hits the gnoll.
The gnoll is lightly wounded.
The bat barely misses you. The bat closely misses you.
The gnoll barely misses you. The gnoll hits you with a +0 club.
The gnoll hits you from afar with a +0 halberd!
The gnoll hits you but does no damage.
You shoot a sling bullet. The sling bullet hits the gnoll!
The gnoll is severely wounded.
The bat closely misses you.
The gnoll hits you from afar with a +0 halberd.
You die...

............. .g.
............ .g
........... .B ..
...#.....# #.
....###..##?..##
..###.
........###...#
..Sg## #.......#
#gb########.###...#
#g@..........#...#
#####........#...#
#........#..>#
#........#####
##########


You could see 3 gnolls, an adder and a bat.

Vanquished Creatures
  2 adders
  5 endoplasms
  4 giant cockroaches
  6 goblins
  3 hobgoblins
  2 jackals (D:1)
  A quokka (D:2)
  2 ball pythons (D:2)
  5 bats
  A frilled lizard (D:3)
  5 kobolds
  4 rats
40 creatures vanquished.

Notes
Turn   | Place    | Note
-------+----------+-------------------------------------------
     0 | D:1      | qw the Gargoyle Hexslinger began the quest for the Orb.
     0 | D:1      | Reached XP level 1. HP: 12/12 MP: 2/2
     0 | D:1      | 0 ||| qw: Version: 0.3-a-52-g30416fa
     0 | D:1      | 0 ||| qw: Game counter: 7068
     0 | D:1      | 0 ||| qw: Melee chars always use a shield: true
     0 | D:1      | 0 ||| qw: God list: Okawaru
     0 | D:1      | 0 ||| qw: Allow faded altars: false
     0 | D:1      | 0 ||| qw: Do Orc after clearing Dungeon:15 true
     0 | D:1      | 0 ||| qw: Do second Lair branch before Depths: true
     0 | D:1      | 0 ||| qw: Lair rune preference: random
     0 | D:1      | 0 ||| qw: Goals: Normal
     0 | D:1      | 0 ||| PLANNING D:1-11
    41 | D:1      | Reached XP level 2. HP: 16/16 MP: 3/3
   218 | D:1      | Reached skill level 3 in Ranged Weapons
   542 | D:1      | 542 ||| UPGRADING to +0 ring mail.
   552 | D:1      | 552 ||| DROPPING +0 robe.
   553 | D:1      | 553 ||| READING scroll labelled LAENAU KICH.
   554 | D:1      | 554 ||| READING scroll labelled MAJOTSI CEPEYL.
   555 | D:1      | 555 ||| READING scroll labelled IRO KAOKUBUA.
   556 | D:1      | 556 ||| DROPPING scroll of poison.
   797 | D:2      | Reached XP level 3. HP: 21/21 MP: 4/4
  1739 | D:2      | 1739 ||| DROPPING scarf of harm.
  1740 | D:2      | 1740 ||| READING scroll labelled GAURA SIMIWNA.
  1744 | D:2      | 1744 ||| READING scroll labelled UMOAME CEAG.
  1745 | D:2      | 1745 ||| READING scroll labelled ZOIMPIYDOL.
  1746 | D:2      | 1746 ||| READING scroll labelled HUZY TUNTOCUQA.
  1747 | D:2      | 1747 ||| READING scroll labelled MOUJIM HADUSIL.
  1748 | D:2      | 1748 ||| READING scroll labelled PAAV VOEZIOMM.
  1822 | D:3      | Reached XP level 4. HP: 26/27 MP: 5/5
  1915 | D:3      | 1915 ||| Stepping ~*~*~tactically~*~*~ (outnumbered).
  1922 | D:3      | HP: 4/27 [gnoll/+0 halberd (7)]
  1923 | D:3      | Slain by a gnoll

Levels and vault maps discovered:
D:1:      dpeg_arrival_stonehenge_12_columns, layout_basic
D:2:      layout_basic
D:3:      layout_rooms, nicolae_yredelemnul_ghost_church,
          mainiacjoe_overflow_paths, kennysheep_orc_chapel

Skill      XL: |  1  2  3 |
---------------+----------+-----
Ranged Weapons | 3 |  3.7
Fighting       | 2 |  2.3
Dodging        | |  1.5
Spellcasting   | |  1.0
Hexes          | |  2.6

Action                     |  1- 3 |  4- 6 || total
---------------------------+-------+-------++-------
   Fire: Sling             |   115 |    25 ||   140
    Use: Scroll            |     9 |       ||     9
 Armour: Robe              |     7 |       ||     7
         Ring mail         |    22 |    13 ||    35
  Dodge: Dodged            |    30 |    24 ||    54

Table legend:
 A = Non-vault XP
 B = Vault XP
 C = Vault XP percentage of total XP
 D = Non-vault monster count
 E = Vault monster count
 F = Vault count percentage of total count
                 A         B        C        D         E       F
            +---------+---------+-------+---------+---------+-------
      Total |      90 |       0 |   0.0 |      40 |       0 |   0.0
            +---------+---------+-------+---------+---------+-------
        D:1 |      30 |       0 |   0.0 |      17 |       0 |   0.0
        D:2 |      40 |       0 |   0.0 |      18 |       0 |   0.0
        D:3 |      20 |       0 |   0.0 |       5 |       0 |   0.0
            +---------+---------+-------+---------+---------+-------
